 Dungeon Crawl Stone Soup version 0.27.0-1-g7a089689b8 (webtiles) character file.

Game seed: 2851957620790039135

49 EnegeticOcto the Covered (level 3, -1/33 HPs)
             Began as a Minotaur Fighter on Aug 8, 2021.
             Slain by Sigmund (11 damage)
             ... on level 2 of the Dungeon.
             The game lasted 00:00:25 (898 turns).

EnegeticOcto the Covered (Minotaur Fighter)          Turns: 898, Time: 00:00:25

Health: -1/33      AC:  8    Str: 21    XL:     3   Next: 51%
Magic:  0/2        EV:  7    Int:  5    God:
Gold:   49         SH:  0    Dex:  9    Spells: 2/2 levels left

rFire    . . .     SeeInvis .   a - +0 war axe
rCold    . . .     Faith    .   c - +0 kite shield
rNeg     . . .     Spirit   .   b - +0 scale mail
rPois    .         Reflect  .   (helmet restricted)
rElec    .         Harm     .   i - +0 cloak
rCorr    .         Rampage  .   (no gloves)
Will     .....                  (no boots)
Stlth    ..........             (no amulet)
HPRegen  0.11/turn              (no ring)
MPRegen  0.08/turn              (no ring)

@: confused
A: horns 2, retaliatory headbutt
a: no special abilities


You were on level 2 of the Dungeon.
You visited 1 branch of the dungeon, and saw 2 of its levels.

You collected 49 gold pieces.

Inventory:

Hand Weapons
 a - a +0 war axe (weapon)
Armour
 b - a +0 scale mail (worn)
 c - a +0 kite shield (worn)
 i - a +0 cloak (worn)
Scrolls
 e - a scroll of identify {unknown}
 h - a scroll of teleportation {unknown}
Potions
 d - a potion of might {@q3}
 f - a potion of invisibility {unknown}
 g - 3 potions of curing {unknown}
 j - a potion of attraction {unknown}


   Skills:
 + Level 4.0 Fighting
 * Level 3.5 Axes
 + Level 4.1 Armour
 + Level 4.1 Shields


You had 2 spell levels left.
You didn't know any spells.
Your spell library was empty.

Dungeon Overview and Level Annotations

Branches:
Dungeon (2/15)

Altars:

Annotations:
D:2 Sigmund


Innate Abilities, Weirdness & Mutations

You have a pair of horns on your head.
You reflexively headbutt those who attack you in melee.


Message History

A worm comes into view.
Found a long sword.
There is a stone staircase leading down here.
You barely miss the worm. You block the worm's attack.
You hit the worm.
The worm is moderately wounded.
The worm bites you.
You slash the worm! You headbutt the worm.
You kill the worm!
You hit the hobgoblin.
The hobgoblin is severely wounded.
You block the hobgoblin's attack.
The hobgoblin hits you but does no damage.
You closely miss the hobgoblin.
The hobgoblin is heavily wounded.
The hobgoblin hits you.
The hobgoblin hits you but does no damage.
You slash the hobgoblin!
You kill the hobgoblin!
You slash the worm!
The worm is heavily wounded.
You slash the worm!
You kill the worm!
No target in view!
No target in view!
No target in view!
No target in view!
HP restored.
j - a pink potion A rat is nearby!
A rat is nearby!
A rat is nearby!
A rat is nearby!
A frilled lizard comes into view.
The frilled lizard hisses angrily.
Found 14 stones.
You closely miss the rat. Your headbutt misses the rat.
The rat barely misses you. You block the rat's attack.
You hit the rat.
You kill the rat!
You block the frilled lizard's attack.
You closely miss the frilled lizard.
Your headbutt misses the frilled lizard.
The frilled lizard bites you. You block the frilled lizard's attack.
You hit the frilled lizard.
The frilled lizard is heavily wounded.
The frilled lizard bites you but does no damage.
You hit the frilled lizard.
You kill the frilled lizard!
No target in view!
No target in view!
No target in view!
You see here a frilled lizard corpse.
Found a stone staircase leading down.
You now have 49 gold pieces (gained 8).
g - 3 bubbling grey potions (gained 2)
Found 17 sling bullets.
You see here 17 sling bullets.
Found an escape hatch in the floor.
No target in view!
No target in view!
No target in view!
No target in view!
No target in view!
No target in view!
No target in view!
No target in view!
No target in view!
Sigmund the Dreaded comes into view.
He is wielding a +2 antimagic scythe.
Sigmund shouts!
Sigmund is nearby!
Sigmund is nearby!
Sigmund is nearby!
Sigmund is nearby!
Sigmund is nearby!
Sigmund gestures at you while chanting. The puff of flame hits you!
You block Sigmund's attack.
You slash Sigmund!
Sigmund is heavily wounded.
Sigmund casts a spell at you. The magic dart hits you.
You closely miss Sigmund. You headbutt Sigmund, but do no damage.
Sigmund is heavily wounded.
You block Sigmund's attack. Sigmund hits you but does no damage.
You hit Sigmund. Your headbutt misses Sigmund.
Sigmund is severely wounded.
Sigmund hits you with a +2 antimagic scythe!
You feel your power leaking away.
You are too injured to fight recklessly!
You closely miss Sigmund. You headbutt Sigmund.
Sigmund is severely wounded.
Sigmund asks, "Do you like me?" Sigmund hits you but does no damage.
Sigmund casts a spell at you.
You are confused.
You miss Sigmund.
Sigmund is severely wounded.
Sigmund hits you with a +2 antimagic scythe!
You die...

###..##.####....#........#
##.....##...............
#...#.#........<.......
##....#................
#....#................
#..#..!...............
#..#..#....#........##
....##.# ...# ..#.###@#
... >...... #@# !..... ..#
.. ... ...# ..... .....#
....... ........


You could see Sigmund.

Vanquished Creatures
  A gnoll (D:1)
  2 worms (D:2)
  2 dart slugs (D:1)
  2 ball pythons (D:1)
  A bat (D:1)
  4 endoplasms (D:1)
  2 giant cockroaches (D:1)
  A goblin (D:1)
  3 hobgoblins
  A quokka (D:1)
  2 frilled lizards
  2 kobolds (D:1)
  6 rats
29 creatures vanquished.

Notes
Turn   | Place    | Note
-------+----------+-------------------------------------------
     0 | D:1      | EnegeticOcto the Minotaur Fighter began the quest for the
                  | Orb.
     0 | D:1      | Reached XP level 1. HP: 19/19 MP: 0/0
    16 | D:1      | Reached XP level 2. HP: 27/27 MP: 1/1
   281 | D:1      | Reached XP level 3. HP: 33/33 MP: 2/2
   890 | D:2      | Noticed Sigmund
   898 | D:2      | Slain by Sigmund

Illustrated notes

Levels and vault maps discovered:
D:1:      ncdulo_watergridlock, layout_loops_cross, st_stairs_10
D:2:      layout_rooms, shapermc_ecumenical_altar_acropolis, uniq_sigmund

Skill      XL: |  1  2  3 |
---------------+----------+-----
Axes           | 3 |  3.5
Shields        | 4 |  4.1
Armour         | 4 |  4.1
Fighting       | 4 |  4.0

Action                   || total
-------------------------++-------
Melee: War axe           ||    64
       Headbutt          ||    10
Armor: Scale mail        ||    31
Dodge: Dodged            ||    21
Block: Kite shield       ||    21
